 Dungeon Crawl Stone Soup version 0.31-a0-232-gb1c03b2570 (webtiles) character file.

Game seed: 1319277572315631935

91 qw the Shooter (level 4, 0/36 HPs)
             Began as a Minotaur Hexslinger on July 7, 2023.
             Succumbed to a goblin's poison
             ... on level 3 of the Dungeon.
             The game lasted 00:00:40 (1643 turns).

qw the Shooter (Minotaur Hexslinger)                Turns: 1643, Time: 00:00:41

Health: 0/36       AC:  2    Str: 13    XL:     4   Next: 34%
Magic:  4/4        EV: 12    Int: 10    God:
Gold:   153        SH:  0    Dex: 14    Spells: 4/5 levels left

rFire   . . .        Y - +1 sling
rCold   . . .        (no shield)
rNeg    . . .        c - +0 robe
rPois   .            (helmet restricted)
rElec   .            (no cloak)
rCorr   .            (no gloves)
SInv    .            (no boots)
Will    .....        (no amulet)
Stlth   +            (no ring)
HPRegen 0.26/turn    (no ring)
MPRegen 0.09/turn

%: no passive effects
@: lethally poisoned (0 -> -10)
A: horns 2, retaliatory headbutt
a: no special abilities


You were on level 3 of the Dungeon.
You visited 1 branch of the dungeon, and saw 3 of its levels.

You collected 153 gold pieces.


Innate Abilities, Weirdness & Mutations

You have a pair of horns on your head.
You reflexively headbutt those who attack you in melee.


   Skills:
 - Level 2.0 Fighting
 + Level 4.9 Ranged Weapons
 - Level 2.1 Dodging
 - Level 1.0 Spellcasting
 - Level 2.0 Hexes


You had 4 spell levels left.
You knew the following spells:

 Your Spells              Type           Power      Damage    Failure   Level
a - Slow                  Hex            16%        N/A       16%         1

Your spell library contained the following spells:

 Spells                   Type           Power      Damage    Failure   Level
 Inner Flame              Hex/Fire       2%         N/A       56%         3
 Portal Projectile        Hex/Tloc       4%         N/A       56%         3
 Cause Fear               Hex            2%         N/A       83%         4

Inventory:

Hand Weapons
 Y - a +1 sling (weapon)
Armour
 c - a +0 robe (worn)
 d - a +0 ring mail
Scrolls
 a - a scroll of teleportation {unknown}
 b - a scroll of identify
Potions
 g - a potion of degeneration {unknown}

Dungeon Overview and Level Annotations

Branches:
Dungeon (3/15)

Altars:
Yredelemnul


Message History

You shoot a sling bullet. The sling bullet hits the orc.
The orc is almost dead.
The orc hits you with a +0 dagger.
The orc throws a boomerang.
The boomerang hits you but does no damage.
You shoot a sling bullet. The sling bullet barely misses the orc.
The orc hits you but does no damage.
You shoot a sling bullet. The sling bullet hits the orc.
You kill the orc!
The orc wizard mumbles some strange words.
The orc wizard flickers and vanishes!
Deactivating autopickup; reactivate with Ctrl-A.
You shoot a sling bullet.
The sling bullet hits the orc but does no damage.
The orc hits you with a +0 war axe.
The goblin hits you with a +0 dagger of venom.
You are poisoned.
You shoot a sling bullet. The sling bullet hits the orc.
The orc is lightly wounded.
You feel very sick.
The goblin hits you with a +0 dagger of venom.
You are lethally poisoned!
You shoot a sling bullet.
The sling bullet closely misses the orc.
You feel very sick.
You hear some strange, mumbled words.
You are confused.
The orc closely misses you. The goblin misses you.
The orc hits you with a +0 war axe. The goblin completely misses you.
1642 ||| DRINKING potion of curing.
You feel better.
1642 ||| (to cure confusion)
You hear some strange, mumbled words.
A puff of flame appears from out of thin air!
The puff of flame hits you!
The goblin hits you with a +0 dagger of venom.
You are lethally poisoned!
The orc barely misses you.
You shoot a sling bullet.
The sling bullet hits the orc but does no damage.
The orc is lightly wounded.
You die...

##..###....# #[..#.....
#...# #....# #...#.....
#..##
##.#.########...#..... #..#
#.#.......>..........
##..###
#.########.....#.....
#...%.#
#.############.......
###.#.# #.).......#
##.#####
#.#.####.......!#####...###
#.#.......@o...............
#.#######g#{####..........#
#.# #.#.##.........:..# #.#
#.#.##......#.#.... #.#
............#.###.. #.#
......).....#.#.... #.#
.............#.#.#.. ...
.............#.#....
.......<...####.###..


You could see an orc and a goblin.

Vanquished Creatures
  2 adders
  A worm (D:2)
  3 dart slugs
  3 orcs (D:3)
  9 ball pythons
  7 endoplasms
  2 giant cockroaches
  3 goblins
  7 hobgoblins
  4 jackals (D:1)
  2 bats (D:1)
  6 frilled lizards
  2 kobolds
  8 rats
59 creatures vanquished.

Notes
Turn   | Place    | Note
-------+----------+-------------------------------------------
     0 | D:1      | qw the Minotaur Hexslinger began the quest for the Orb.
     0 | D:1      | Reached XP level 1. HP: 16/16 MP: 1/1
     0 | D:1      | 0 ||| qw: Version: 0.3-a-46-gb1f654a
     0 | D:1      | 0 ||| qw: Game counter: 2441
     0 | D:1      | 0 ||| qw: Melee chars always use a shield: true
     0 | D:1      | 0 ||| qw: God list: Okawaru
     0 | D:1      | 0 ||| qw: Allow faded altars: false
     0 | D:1      | 0 ||| qw: Do Orc after clearing Dungeon:15 true
     0 | D:1      | 0 ||| qw: Do second Lair branch before Depths: true
     0 | D:1      | 0 ||| qw: Lair rune preference: random
     0 | D:1      | 0 ||| qw: Goals: Normal
     0 | D:1      | 0 ||| PLANNING D:1-11
   114 | D:1      | Reached skill level 3 in Ranged Weapons
   114 | D:1      | Reached XP level 2. HP: 23/23 MP: 2/2
   299 | D:1      | Reached XP level 3. HP: 28/29 MP: 3/3
   653 | D:1      | 653 ||| READING scroll labelled YXZOKK TYSE.
   654 | D:1      | 654 ||| READING scroll labelled MOTIZI YR UMU.
   655 | D:1      | 655 ||| DRINKING 2 fizzy ruby potions.
   656 | D:1      | 656 ||| DRINKING 2 bubbling black potions.
   657 | D:1      | 657 ||| DROPPING scroll of poison.
   658 | D:1      | 658 ||| DROPPING potion of attraction.
   671 | D:2      | 671 ||| STAIRDANCE
   677 | D:1      | Reached skill level 4 in Ranged Weapons
   678 | D:1      | HP: 7/29 [poisoned by an adder]
   788 | D:2      | 788 ||| FLEEEEING.
  1244 | D:2      | Reached XP level 4. HP: 36/36 MP: 4/4
  1299 | D:2      | Found a basalt altar of Yredelemnul.
  1458 | D:2      | 1458 ||| READING 2 scrolls of identify.
  1458 | D:2      | 1458 ||| IDENTIFYING sedimented white potion
  1459 | D:2      | 1459 ||| DROPPING potion of magic.
  1515 | D:3      | Identified the +0 chain mail of Pride {rElec rCorr Int-5
                  | Stlth+}
  1641 | D:3      | HP: 8/36 [orc/+0 war axe (2)]
  1642 | D:3      | 1642 ||| DRINKING potion of curing.
  1642 | D:3      | 1642 ||| (to cure confusion)
  1642 | D:3      | HP: 3/36 [goblin/+0 dagger of venom (1)]
  1643 | D:3      | Succumbed to a goblin's poison

Levels and vault maps discovered:
D:1:      lemuel_arrival_rhombus, layout_basic
D:2:      layout_basic, basic_altar, kennysheep_generic_room_3
D:3:      layout_basic

Skill      XL: |  1  2  3 |
---------------+----------+-----
Ranged Weapons | 3 4 |  4.9
Fighting       | 2 |  2.0
Dodging        | |  2.1
Spellcasting   | |  1.0
Hexes          | |  2.0

Action                     |  1- 3 |  4- 6 || total
---------------------------+-------+-------++-------
   Fire: Sling             |   114 |    42 ||   156
    Use: Scroll            |     2 |     1 ||     3
         Potion            |     2 |     1 ||     3
 Armour: Robe              |     6 |     2 ||     8
  Dodge: Dodged            |    33 |    11 ||    44

Table legend:
 A = Non-vault XP
 B = Vault XP
 C = Vault XP percentage of total XP
 D = Non-vault monster count
 E = Vault monster count
 F = Vault count percentage of total count
                 A         B        C        D         E       F
            +---------+---------+-------+---------+---------+-------
      Total |     127 |       4 |   3.1 |      57 |       2 |   3.4
            +---------+---------+-------+---------+---------+-------
        D:1 |      65 |       0 |   0.0 |      35 |       0 |   0.0
        D:2 |      37 |       4 |   9.8 |      12 |       2 |  14.3
        D:3 |      25 |       0 |   0.0 |      10 |       0 |   0.0
            +---------+---------+-------+---------+---------+-------
